AoeStats
← thiagopri

Oasis

510002086Analyzed
3v3 RM · 3d ago on Sep 29, 2026· 51m 54s· 6 players
Game mode
Random Map
Map size
Normal (6 player)
Population
200
Speed
Normal
Resources
Standard
Victory
Conquest
Starting age
Dark Age
Ending age
Imperial Age
RankedLock teamsTeams togetherTeam positionsShared explorationLock speedFull tech treeHidden civsTurbo modeCheats
Victory
Defeat
🇺🇸 Khitans · United States
851
+13
🇺🇸 Magyars · United States
831
+14
🇺🇸 Armenians · United States
815
+15
🇨🇦 Hindustanis · Canada
812
-15
🇨🇦 Chinese · Canada
787
-14
🇧🇷 Byzantines · Brazil
775
-13
thiagopri
11:20 Feudal Age
12:03 Double-Bit Axe
12:03 Horse Collar
19:46 Castle Age
21:06 Bow Saw
23:18 Husbandry
24:21 Scale Barding Armor
24:27 Forging
26:50 Heavy Plow
27:30 Wheelbarrow
29:26 Chain Barding Armor
29:18 Squires
29:09 Arson
31:23 Iron Casting
34:05 Imperial Age
31:26 Treadmill Crane
31:48 Gold Mining
31:50 Stone Mining
33:32 Elite Skirmisher
34:46 Thumb Ring
34:17 Cavalier
41:19 Chemistry
40:40 Ballistics
41:23 Chemistry
40:32 Paladin
44:40 Plate Barding Armor
44:01 Fletching
44:11 Padded Archer Armor
49:27 Hoardings
Rique
4:56 Loom
11:35 Feudal Age
18:35 Castle Age
21:13 Double-Bit Axe
25:48 Scale Barding Armor
25:54 Forging
25:37 Horse Collar
27:58 Iron Casting
27:44 Chain Barding Armor
27:42 Bloodlines
29:00 Husbandry
29:51 Heavy Plow
30:41 Wheelbarrow
29:52 Town Watch
35:04 Imperial Age
33:31 Town Patrol
33:46 Hand Cart
33:25 Fletching
33:34 Murder Holes
35:36 Heavy Camel Rider
37:23 Imperial Camel Rider
40:35 Plate Barding Armor
Fritz_Hoff
1:28 Loom
9:58 Feudal Age
10:33 Double-Bit Axe
10:31 Horse Collar
15:32 Fletching
21:16 Castle Age
19:47 Padded Archer Armor
20:54 Wheelbarrow
21:00 Gold Mining
21:58 Forging
22:07 Bow Saw
22:33 Loom
22:57 Caravan
22:47 Crossbowman
24:03 Heavy Plow
27:59 Iron Casting
27:24 Scale Mail Armor
28:24 Thumb Ring
28:48 Squires
28:08 Pikeman
29:14 Leather Archer Armor
28:35 Elite Skirmisher
30:48 Hand Cart
32:49 Ballistics
32:25 Murder Holes
34:32 Bodkin Arrow
37:11 Gold Shaft Mining
39:27 Imperial Age
36:46 Town Watch
39:13 Sanctity
39:45 Capped Ram
41:34 Chain Mail Armor
42:01 Bracer
50:26 Arbalester
51:52 Great Wall
BloodTearss
9:07 Loom
11:20 Feudal Age
11:51 Double-Bit Axe
11:58 Gold Mining
12:46 Man-at-Arms
15:31 Horse Collar
16:16 Stone Mining
20:44 Castle Age
20:42 Wheelbarrow
20:29 Fletching
21:58 Bow Saw
22:53 Elite Skirmisher
24:04 Gambesons
24:20 Squires
24:07 Arson
25:47 Long Swordsman
26:42 Scale Mail Armor
28:49 Heavy Plow
29:56 Gold Shaft Mining
30:22 Hand Cart
29:57 Town Watch
33:01 Ballistics
34:14 Padded Archer Armor
34:11 Bodkin Arrow
38:00 Chain Mail Armor
37:42 Two-Handed Swordsman
40:13 Champion
41:56 Champion
48:02 Forging
48:08 Leather Archer Armor
Fryy
12:13 Feudal Age
18:10 Castle Age
17:51 Double-Bit Axe
17:50 Horse Collar
22:38 Bloodlines
22:29 Husbandry
22:36 Husbandry
24:17 Wheelbarrow
24:59 Bow Saw
25:27 Loom
26:57 Heavy Plow
28:04 Gold Mining
30:09 Caravan
30:57 Scale Barding Armor
34:09 Gold Shaft Mining
33:27 Stone Mining
38:32 Imperial Age
39:38 Cavalier
41:47 Chain Barding Armor
42:11 Hand Cart
41:44 Paladin
44:16 Plate Barding Armor
47:49 Crop Rotation
50:08 Corvinian Army
sleW
9:14 Loom
12:15 Feudal Age
13:40 Double-Bit Axe
16:29 Castle Age
15:03 Man-at-Arms
16:46 Fletching
17:51 Thumb Ring
19:20 Bodkin Arrow
19:55 Gold Mining
22:20 Domestication
22:53 Bow Saw
24:25 Wheelbarrow
25:06 Ballistics
25:34 Long Swordsman
28:37 Gambesons
28:29 Heavy Cavalry Archer
29:39 Pastoralism
30:00 Squires
29:46 Arson
31:34 Forging
31:25 Scale Mail Armor
31:27 Padded Archer Armor
33:07 Iron Casting
32:39 Scale Barding Armor
32:40 Husbandry
33:16 Town Watch
35:13 Chain Mail Armor
42:49 Imperial Age
44:04 Plate Mail Armor
43:00 Two-Handed Swordsman
44:52 Lamellar Armor
44:21 Capped Ram
48:01 Elite Liao Dao
49:06 Conscription
49:42 Champion
50:24 Bracer
Connection lost

Rejoining the realm…

Still unreachable

The connection could not be restored.

Session expired

The server has moved on; the page needs a fresh start.